 Dungeon Crawl Stone Soup version 0.19-a0-1732-g0b18a7b (webtiles) character file.

496 4thArraOfDagon the Slasher (level 6, -13/48 HPs)
             Began as a Vampire Monk on Sept 30, 2016.
             Was a Believer of Ashenzari.
             Mangled by an ogre
             ... wielding a +0 giant club
              (23 damage)
             ... on level 9 of the Dungeon.
             The game lasted 00:05:41 (1286 turns).

4thArraOfDagon the Slasher (Vampire Monk)           Turns: 1286, Time: 00:05:42

Health: -13/48     AC: 10    Str: 10    XL:     6   Next: 93%
Magic:  8/8        EV:  6    Int: 12    God:    Ashenzari [**....]
Gold:   180        SH:  0    Dex: 19    Spells: 1 memorised, 2 levels left

rFire  . . .     SeeInvis +     w - +0 scimitar
rCold  . . .     Gourm    .     j - +0 chain mail
rNeg   . . .     Faith    .     (no shield)
rPois  .         Spirit   .     (no helmet)
rElec  .         Dismiss  .     t - +0 cloak
rCorr  .         Reflect  .     k - +0 pair of gloves
MR     .....     Harm     .     (no boots)
Stlth  ..........               f - amulet of rage
                                (no ring)
                                (no ring)

@: regenerating quickly
A: fangs 3, see invisible, unbreathing
a: Curse Item, Scrying, Renounce Religion, Evoke Berserk Rage


You were on level 9 of the Dungeon.
You worshipped Ashenzari.
Ashenzari was pleased with you.
You were full.

You visited 1 branch of the dungeon, and saw 9 of its levels.

You collected 180 gold pieces.

Inventory:

Hand Weapons
 a - a +0 falchion
 w - a +0 scimitar (weapon)
 x - a +0 great sword
Armour
 b - a +0 robe
 j - a +0 chain mail (worn)
 k - a +0 pair of gloves (worn)
 q - a +0 buckler
 t - a +0 cloak (worn)
Jewellery
 f - an amulet of rage (around neck)
Scrolls
 d - a scroll of remove curse
 g - a scroll of magic mapping {unknown}
 h - a scroll of fog {unknown}
 i - a scroll of amnesia {unknown}
 n - a scroll of recharging {unknown}
 v - a scroll of enchant weapon {unknown}
Potions
 c - a potion of might {unknown}
 e - 3 potions of haste {unknown}
 l - a potion of curing {unknown}
 m - 2 potions of flight {unknown}
 o - a potion of resistance {unknown}
 p - a potion of invisibility {unknown}
 r - 2 potions of brilliance {unknown}
 s - a potion of lignification {unknown}
 u - a potion of cancellation {unknown}


   Skills:
 + Level 3.6 Fighting
 * Level 5.1 Long Blades
 + Level 1.7 Armour
 + Level 4.4 Dodging
 - Level 3.0 Stealth
 * Level 3.1 Evocations


You had 2 spell levels left.
You knew the following spells:

 Your Spells              Type           Power        Failure   Level  Hunger
a - Regeneration          Chrm/Necr      #.........   100%        3    ####...


Dungeon Overview and Level Annotations

Branches:
Dungeon (9/15)             Temple (0/1) D:5
   Lair: D:8-11         Orc: D:9-12

Altars:
Ashenzari
Hepliaklqana
Trog
The Shining One

Annotations:
D:3 Sigmund


Innate Abilities, Weirdness & Mutations

Your natural rate of healing is unusually fast.
You have razor-sharp teeth.
You have supernaturally acute eyesight. (SInv)
You can survive without breathing.


Message History

The ogre hits you with a giant club!
You hit the ogre.
The ogre is lightly wounded.
The ogre hits you with a giant club! The crimson imp hits you.
Unknown command.
The crimson imp hits you.
Unknown command.
The crimson imp blinks!
Found 17 gold pieces.
The crimson imp blinks!
The crimson imp blinks!
Unknown command.
Unknown command.
You fail to use your ability.
The ogre hits you with a giant club!
* * * LOW HITPOINT WARNING * * *
Unknown command.
You closely miss the ogre.
The ogre is lightly wounded.
The ogre hits you with a giant club!!
You die...

,* * * , , * * *
*** , , , ,,, , , ,
, , , ,, , , , * *
* * * , , * +# ,
,#.#### *, ,,#..@.#
* ** , ,,####O# ,
*, #.# * , ,,
#.########
*##..#........####
#..................
,
######.............
, .................
#.........!.......


You could see an ogre.

Vanquished Creatures
  An orc warrior (D:8)
  2 bullfrogs (D:7)
  A crimson imp (D:7)
  Crazy Yiuf (D:7)
  2 hounds (D:7)
  A jelly (D:5)
  An orc wizard (D:8)
  A worker ant (D:8)
  3 adders
  2 oozes
  3 leopard geckos
  5 orcs
  A bat (D:8)
  2 giant cockroaches
  2 goblins
  A quokka (D:3)
  2 rats (D:2)
31 creatures vanquished.

Vanquished Creatures (others)
  A fungus (D:8)
1 creature vanquished.

Grand Total: 32 creatures vanquished

Notes
Turn   | Place    | Note
-------+----------+-------------------------------------------
     0 | D:1      | 4thArraOfDagon the Vampire Monk began the quest for the Orb.
     0 | D:1      | Reached XP level 1. HP: 17/17 MP: 1/1
    79 | D:2      | Reached XP level 2. HP: 6/23 MP: 2/2
   106 | D:2      | Found a hazy altar of Hepliaklqana.
   218 | D:3      | Noticed Sigmund
   260 | D:3      | Found a glowing golden altar of the Shining One.
   265 | D:3      | Found a bloodstained altar of Trog.
   265 | D:3      | Found a shattered altar of Ashenzari.
   302 | D:3      | Became a worshipper of Ashenzari the Shackled
   302 | D:3      | Reached * piety under Ashenzari
   302 | D:3      | Reached ** piety under Ashenzari
   337 | D:4      | Reached XP level 3. HP: 29/29 MP: 3/3
   374 | D:5      | Entered Level 5 of the Dungeon
   383 | D:5      | Found a staircase to the Ecumenical Temple.
   482 | D:5      | Reached skill level 1 in Evocations
   691 | D:7      | Noticed a bullfrog
   707 | D:7      | Killed a bullfrog
   707 | D:7      | Reached skill level 4 in Long Blades
   707 | D:7      | Reached XP level 4. HP: 29/35 MP: 3/5
   710 | D:7      | Reached skill level 1 in Armour
   710 | D:7      | Reached XP level 5. HP: 35/41 MP: 3/6
   779 | D:8      | Noticed a wyvern
   856 | D:7      | Found a runed door.
   860 | D:7      | Noticed Crazy Yiuf
   865 | D:7      | Killed Crazy Yiuf
   865 | D:7      | Reached XP level 6. HP: 47/47 MP: 7/7
   926 | D:7      | Learned a level 3 spell: Regeneration
  1116 | D:8      | Noticed an orc warrior
  1133 | D:8      | Killed an orc warrior
  1133 | D:8      | Reached skill level 5 in Long Blades
  1286 | D:9      | Mangled by an ogre

Vault maps used:
D:1:      eino_arrival_tree_alley, minmay_misc_feat_x
D:2:      kennysheep_flooded_box
D:3:      gammafunk_temple_overflow_forgotten, first_bread, uniq_sigmund
D:4:      led_sif_pool, overflow_temple_1_default, uniq_edmund, uniq_grinder
D:5:      grunt_ministairs_7, grunt_tough_drop
D:6:      corexii_shack, uniq_duvessa
D:7:      serial_shops, nicolae_shop_statue_plus, okawaru_metal_pillars_1_2,
          uniq_crazy_yiuf_cottage
D:8:      due_lair_maze_entry_diamond, basic_altar
D:9:      grunt_livestock, minmay_three_doors

Skill      XL: |  1  2  3  4  5  6 |
---------------+-------------------+-----
Fighting       | 3 |  3.6
Evocations     | 1 2 3 |  3.1
Long Blades    | 4 5 |  5.1
Armour         | 1 |  1.7
Dodging        | 4 |  4.4
Stealth        | |  3.0

Action                   |  1- 3 |  4- 6 || total
-------------------------+-------+-------++-------
Melee: Falchion          |    54 |    78 ||   132
       Bite              |     5 |     9 ||    14
       Scimitar          |       |    16 ||    16
 Abil: Evoke Berserk Rag |     2 |     3 ||     5
  Use: Potion            |     1 |     1 ||     2
       Scroll            |     1 |       ||     1
 Stab: Sleeping          |     2 |       ||     2
  Eat: Corpse            |     3 |     8 ||    11
Armor: Robe              |     5 |       ||     5
       Chain mail        |    16 |    54 ||    70
Dodge: Dodged            |    25 |    33 ||    58
